 Dungeon Crawl Stone Soup version 0.30-a0-365-ge7f957f1db (webtiles) character file.

Game seed: 9797092341730448844

6917 mopl the Covert (level 11, -9/75 HPs)
             Began as an Octopode Brigand on Nov 16, 2022.
             Was a High Priest of Dithmenos.
             Killed themself with a badly aimed iceblast (21 damage)
             ... on level 9 of the Dungeon.
             The game lasted 00:22:30 (9670 turns).

mopl the Covert (Octopode Brigand)                  Turns: 9670, Time: 00:22:31

Health: -9/75      AC:  1    Str: 11    XL:     11   Next: 7%
Magic:  16/16      EV: 15    Int: 17    God:    Dithmenos [*****.]
Gold:   538        SH:  3    Dex: 14    Spells: 10/10 levels left

rFire   . . .      SeeInvis .    a - +2 dagger (venom)
rCold   . . .      Faith    .    N - +0 buckler
rNeg    + . .      Spirit   .    (helmet restricted)
rPois   +          Reflect  .    (no amulet)
rElec   .          Harm     .    j - ring of wizardry
rCorr   .          Rampage  .    n - ring of positive energy
Will    .....                    r - ring of poison resistance
Stlth   +++++++++.               (no ring)
HPRegen 0.32/turn                (no ring)
MPRegen 0.15/turn                (no ring)
                                 (no ring)
                                 (no ring)

@: wreathed by umbra
A: almost no armour, amphibious, 8 rings, camouflage 1, gelatinous body 1,
(nimble swimmer 1), tentacles
a: Renounce Religion, Shadow Step, Shadow Form


You were on level 9 of the Dungeon.
You worshipped Dithmenos.
Dithmenos was extremely pleased with you.
You visited 1 branch of the dungeon, and saw 9 of its levels.

You collected 554 gold pieces.
You spent 16 gold pieces at shops.

Inventory:

Hand Weapons
 a - a +2 dagger of venom (weapon)
Missiles
 b - 28 poisoned darts (quivered)
 c - 2 curare-tipped darts
 g - 7 javelins
 i - 2 atropa-tipped darts
 E - 5 boomerangs
Armour
 N - a +0 buckler (worn)
Jewellery
 j - a ring of wizardry (left tentacle)
 n - a ring of positive energy (right tentacle)
 r - a ring of poison resistance (on tentacle)
 w - a ring of ice
 H - the ring "Xoin" {Fire Int+7}
   (You found it on level 6 of the Dungeon)

   [ring of fire]

   It enhances your fire magic.
   Int:       It affects your intelligence (+7).
   rF:        It protects you from fire.
   rC:        It makes you vulnerable to cold.
 M - a ring of wizardry
Wands
 B - a wand of iceblast (7)
 J - a wand of light (7)
 K - a wand of polymorph (9)
Scrolls
 f - a scroll of brand weapon {unknown}
 h - 4 scrolls of poison {unknown}
 k - 4 scrolls of noise {unknown}
 l - 4 scrolls of fear {unknown}
 m - 2 scrolls of enchant armour {unknown}
 p - a scroll of butterflies {unknown}
 u - 8 scrolls of teleportation
 v - 2 scrolls of immolation {unknown}
 y - a scroll of enchant weapon {unknown}
 z - 2 scrolls of magic mapping {unknown}
 A - a scroll of blinking {unknown}
 G - 2 scrolls of torment {unknown}
 L - a scroll of vulnerability {unknown}
Potions
 d - 3 potions of mutation {!q}
 e - 5 potions of curing
 o - 2 potions of might
 s - 3 potions of magic
 t - a potion of resistance
 x - a potion of haste
 C - a potion of lignification {!q}
 D - a potion of ambrosia
 F - 2 potions of brilliance
 I - a potion of cancellation


   Skills:
 + Level 7.0 Fighting
 - Level 2.0(4.2) Short Blades
 + Level 5.9(6.1) Long Blades
 + Level 7.2 Throwing
 + Level 6.9 Dodging
 + Level 11.1 Stealth
 + Level 0.4 Shields
 + Level 6.9 Invocations
 + Level 2.8 Evocations


You had 10 spell levels left.
You didn't know any spells.
Your spell library contained the following spells:

 Spells                   Type           Power      Damage    Failure   Level
 Static Discharge         Conj/Air       0%         2-2/arc   19%         2
 Sublimation of Blood     Necr           0%         N/A       19%         2
 Wereblood                Tmut           0%         N/A       19%         2
 Vhi's Electric Charge    Tloc/Air       0%         N/A       34%         3
 Arcjolt                  Conj/Air       0%         1d10      96%         5
 Iskenderun's Battlesphe  Conj           0%         2d6       96%         5
 Lightning Bolt           Conj/Air       0%         1d11      96%         5
 Iron Shot                Conj/Erth      0%         9d1       100%        6
 Spellforged Servitor     Conj/Summ      0%         N/A       100%        7
 Summon Hydra             Summ           0%         N/A       100%        7


Dungeon Overview and Level Annotations

Branches:
Dungeon (9/15)             Temple (0/1) D:5
   Lair: D:8-11         Orc: D:9-12

Altars:
Dithmenos
Kikubaaqudgha
Qazlal
Uskayaw
Wu Jian
Xom
Yredelemnul

Shops:
D:4 (   D:7 (

Annotations:
D:8 2 transporters, exclusion: 3 electric eels, Samael12321's ghost, novice GnIE


Innate Abilities, Weirdness & Mutations

You cannot wear most types of armour.
You are amphibious.
You can wear up to eight rings at the same time.
Your skin changes colour to match your surroundings (Stealth+).
Your rubbery body absorbs attacks. (AC +1, EV +1)
((You are camouflaged when in or above water. (Stealth+)))
You have tentacles for arms and can constrict up to eight enemies at once.


Message History

Deactivating autopickup; reactivate with Ctrl-A.
Something hits you. Something completely misses you. Something hits you.
Things that are here:
a +0 leather armour; a +1 falchion of holy wrath Something hits you.
Something hits you. x2
Something barely misses you. Something hits you! Something hits you.
Something hits you but does no damage. Something barely misses you.
Something hits you. Something barely misses you. Something hits you!
* * * LOW HITPOINT WARNING * * *
Something hits you!
* * * LOW HITPOINT WARNING * * *
You feel much better. Something hits you. Something barely misses you.
Okay, then.
Aiming: Iceblast
Press: ? - help, Shift-Dir - straight line The mass of ice explodes!
The iceblast engulfs something!!
The iceblast engulfs you!
* * * LOW HITPOINT WARNING * * *
You hear a shout!
Something barely misses you.
Aiming: Iceblast
Press: ? - help, Shift-Dir - straight line The mass of ice explodes!
The iceblast engulfs something!
You hear a shout!
Something hits you!
* * * LOW HITPOINT WARNING * * *
Something barely misses you.
Aiming: Iceblast
Press: ? - help, Shift-Dir - straight line The mass of ice explodes!
The iceblast engulfs something!!
Dithmenos accepts your kill.
Reactivating autopickup.
You feel a bit more experienced. The iceblast engulfs you!!
You die...

#...........##.....).....
#.....8....)[))....†.....
#...[.....))#[.....PgP...
#..._.......#............
##..........##..#......P.
#......###.[............
#.###...##.....#....P...
#.# #.#.##.....#........
.. ...#@##.....######.##
.#.#.#.#.######### #.
#.#.#.........# #
#.#######.### #.# #.# #.
#.# #.# #)# #.#


There were no monsters in sight!

Vanquished Creatures
  Joseph (D:8)
  An unseen horror zombie (D:7)
  An unseen horror (D:9)
  A komodo dragon (D:9)
  Sigmund (D:4)
  A shadow (D:8)
  2 yaks (D:8)
  2 steam dragons
  5 water moccasins
  2 acid dragons
  2 orc warriors
  4 ogres
  3 black bears
  6 centaurs
  2 phantoms
  4 bullfrogs
  3 kobold brigands
  3 necrophages
  4 scorpions
  2 gnoll sergeants (D:9)
  2 wyvern zombies (D:7)
  4 wights (D:7)
  4 killer bees (D:9)
  A howler monkey (D:7)
  3 electric eels (D:8)
  2 centaur zombies (D:7)
  A bullfrog zombie (D:7)
  A human zombie (D:7)
  6 orc priests
  6 hounds
  Crazy Yiuf (D:5)
  3 gnoll boudas
  4 jellies
  3 iguanas
  7 orc wizards
  A killer bee zombie (D:7)
  A mummy (D:7)
  Robin (D:4)
  A howler monkey zombie (D:7)
  19 gnolls
  6 adders
  3 white imps
  2 ufetubi
  4 worms
  4 dart slugs
  25 orcs
  9 ball pythons
  11 endoplasms
  3 giant cockroaches
  19 goblins
  8 hobgoblins
  9 jackals
  4 quokkas
  3 bats
  3 frilled lizards
  13 kobolds
  2 rats (D:1)
249 creatures vanquished.

Vanquished Creatures (others)
  55 fungi
  90 plants
145 creatures vanquished.

Grand Total: 394 creatures vanquished

Notes
Turn   | Place    | Note
-------+----------+-------------------------------------------
     0 | D:1      | mopl the Octopode Brigand began the quest for the Orb.
     0 | D:1      | Reached XP level 1. HP: 14/14 MP: 1/1
   332 | D:1      | Reached XP level 2. HP: 17/19 MP: 2/2
   733 | D:1      | Reached XP level 3. HP: 25/25 MP: 3/3
  1008 | D:2      | Reached skill level 2 in Dodging
  1013 | D:2      | Reached XP level 4. HP: 14/30 MP: 4/4
  1015 | D:2      | Reached skill level 6 in Stealth
  1277 | D:2      | Found a faded altar of an unknown god.
  1326 | D:2      | Prayed at the altar of an unknown god.
  1326 | D:2      | Became a worshipper of Dithmenos the Shadowed
  1326 | D:2      | Reached * piety under Dithmenos
  1619 | D:3      | Found a basalt altar of Yredelemnul.
  1933 | D:3      | Reached XP level 5. HP: 36/36 MP: 5/5
  1935 | D:3      | Reached skill level 3 in Throwing
  1937 | D:3      | Reached skill level 3 in Fighting
  1939 | D:3      | Reached skill level 1 in Invocations
  2203 | D:3      | Found a stormy altar of Qazlal.
  2204 | D:3      | Found a hide-covered altar of Uskayaw.
  2252 | D:4      | Noticed Robin
  2261 | D:3      | Reached ** piety under Dithmenos
  2588 | D:4      | Reached XP level 6. HP: 39/42 MP: 7/7
  2595 | D:4      | Reached skill level 3 in Dodging
  2756 | D:4      | Reached skill level 2 in Invocations
  2757 | D:4      | Reached skill level 7 in Stealth
  2759 | D:4      | Reached XP level 7. HP: 47/47 MP: 8/8
  2854 | D:4      | Reached skill level 1 in Long Blades
  2906 | D:4      | Reached skill level 4 in Fighting
  2906 | D:4      | Reached skill level 4 in Throwing
  2963 | D:4      | Reached *** piety under Dithmenos
  2974 | D:4      | Found Abuggui's Weapon Shop.
  2983 | D:4      | Bought 2 atropa-tipped darts for 16 gold pieces
  3012 | D:4      | Reached skill level 3 in Invocations
  3087 | D:5      | Entered Level 5 of the Dungeon
  3227 | D:5      | Reached skill level 2 in Long Blades
  3284 | D:4      | Killed Robin
  3324 | D:4      | Noticed Sigmund
  3329 | D:4      | Killed Sigmund
  3330 | D:4      | Reached skill level 4 in Dodging
  3330 | D:4      | Reached XP level 8. HP: 54/54 MP: 10/10
  3872 | D:5      | Found a staircase to the Ecumenical Temple.
  3911 | D:5      | Reached skill level 8 in Stealth
  4157 | D:5      | Reached skill level 3 in Long Blades
  4157 | D:5      | Reached skill level 4 in Invocations
  4221 | D:5      | Reached skill level 5 in Throwing
  4447 | D:5      | Reached skill level 5 in Fighting
  4447 | D:5      | Reached XP level 9. HP: 61/61 MP: 12/12
  4520 | D:5      | Found a runed translucent door.
  4521 | D:5      | Noticed Crazy Yiuf
  4530 | D:5      | Killed Crazy Yiuf
  4875 | D:6      | Found an ornate altar of the Wu Jian Council.
  4926 | D:6      | Reached skill level 5 in Dodging
  4926 | D:6      | Reached skill level 9 in Stealth
  5475 | D:6      | Identified the ring "Xoin" {Fire Int+7}
  6485 | D:7      | Reached **** piety under Dithmenos
  6700 | D:7      | Reached skill level 4 in Long Blades
  6700 | D:7      | Reached skill level 5 in Invocations
  6871 | D:7      | Found Dimoyng's Hydra Hut.
  6875 | D:7      | Noticed a seven-headed hydra
  6983 | D:7      | Found an ancient bone altar of Kikubaaqudgha.
  6990 | D:7      | Reached skill level 6 in Throwing
  7009 | D:7      | Reached skill level 6 in Fighting
  7013 | D:7      | Reached XP level 10. HP: 56/68 MP: 14/14
  7027 | D:7      | Reached skill level 10 in Stealth
  7245 | D:8      | Reached skill level 6 in Dodging
  7327 | D:8      | Reached skill level 5 in Long Blades
  7327 | D:8      | Reached skill level 6 in Invocations
  7687 | D:8      | Noticed a manticore
  7729 | D:8      | Noticed Joseph
  7738 | D:8      | Killed Joseph
  7739 | D:8      | Reached skill level 1 in Evocations
  7763 | D:8      | Found a transporter.
  7764 | D:8      | Noticed a manticore
  7791 | D:8      | Found a transporter.
  7793 | D:8      | Noticed a moth of wrath
  7794 | D:8      | Noticed Samael12321's ghost (novice GnIE)
  8526 | D:9      | Found a shimmering altar of Xom.
  8529 | D:9      | Found a shadowy altar of Dithmenos.
  8535 | D:9      | Reached skill level 2 in Evocations
  8572 | D:9      | Reached ***** piety under Dithmenos
  8573 | D:9      | Reached skill level 7 in Throwing
  8667 | D:9      | Reached skill level 11 in Stealth
  8864 | D:9      | Identified the +10 plate armour "Peqoekkax" {rC+ Str+4
                  | Int-3 Dex+2}
  8879 | D:9      | Reached skill level 7 in Fighting
  8879 | D:9      | Reached XP level 11. HP: 17/75 MP: 16/16
  9670 | D:9      | Killed themself with a badly aimed iceblast

Illustrated notes

Levels and vault maps discovered:
D:1:      dpeg_arrival_round_a, layout_loops_corners
D:2:      cheibrodos_old_hovel, layout_loops_ring, shapermc_ecumenical_altar_gd,
          kennysheep_nondescript
D:3:      layout_basic, gammafunk_temple_overflow_pools,
          mainiacjoe_overflow_alcove_1, minmay_door_square, serial_park_tiny_1
D:4:      layout_gridville, serial_shops, shop, minmay_joined_circles,
          uniq_robin, uniq_sigmund
D:5:      layout_loops_ring, minmay_temple_entry_sparse_star,
          uniq_crazy_yiuf_cottage
D:6:      layout_layer_cave, mainiacjoe_overflow_boulevard, minivault_11
D:7:      layout_basic, lemuel_mausoleum_altar_kikubaaqudgha,
          doesnt_shop_hydraphobe
D:8:      layout_basic, serial_bayou, serial_bayou_pond_b, serial_bayou_pond_e,
          serial_bayou_lagoon_a, serial_bayou_lagoon_b,
          gammafunk_ghost_berserking_beasts, grunt_ministairs_9,
          grunt_decor_fettered, uniq_joseph
D:9:      kennysheep_housing_project, layout_basic, grunt_temple_overflow_open,
          nicolae_overflow_hidden_temple, due_lair_maze_entry_diamond,
          erik_orc_4

Skill      XL: |  1  2  3  4  5  6  7  8  9 10 |
---------------+-------------------------------+-----
Dodging        | 2 3 4 5 6 |  6.9
Stealth        | 6 7 8 9 11 | 11.1
Throwing       | 3 4 5 6 7 |  7.2
Fighting       | 3 4 5 6 7 |  7.0
Invocations    | 1 2 3 4 5 6 |  6.9
Long Blades    | 2 3 4 5 |  5.9
Evocations     | 2 |  2.8
Short Blades   | |  2.0
Shields        | |  0.4

Action                   |  1- 3 |  4- 6 |  7- 9 | 10-12 || total
-------------------------+-------+-------+-------+-------++-------
Melee: Dagger            |    50 |   106 |   252 |   178 ||   586
       Constrict         |     7 |    22 |    45 |    34 ||   108
       Tentacles         |     4 |    23 |    60 |    56 ||   143
       Punch             |       |     2 |     4 |     5 ||    11
       Unarmed           |       |       |     6 |       ||     6
Throw: Dart              |       |     1 |    22 |    32 ||    55
Invok: Shadow Step       |       |       |     2 |       ||     2
Evoke: Wand              |       |     2 |       |     5 ||     7
  Use: Scroll            |       |     6 |     6 |     1 ||    13
       Potion            |       |       |     1 |     5 ||     6
 Stab: Sleeping          |    11 |    19 |    38 |    13 ||    81
       Distracted        |       |       |     3 |     1 ||     4
Armor: Skin              |     5 |     2 |    12 |    10 ||    29
Dodge: Dodged            |    20 |    56 |   198 |   152 ||   426
Block: Buckler           |       |       |       |     1 ||     1

Table legend: (Time is in decaauts)
 A = Elapsed time spent in this place.
 B = Non-inter-level travel time spent in this place.
 C = Inter-level travel time spent in this place.
 D = Time resting spent in this place.
 E = Time spent auto-exploring this place.
 F = Levels seen in this place.
 G = Mean time per level.
                   A        B        C        D        E       F      G
               +--------+--------+--------+--------+--------+-----+--------+
         Total |   9576 |   9225 |    351 |   2483 |   4693 |   9 | 1064.0 |
       Dungeon |   9576 |   9225 |    351 |   2483 |   4693 |   9 | 1064.0 |
               +--------+--------+--------+--------+--------+-----+--------+

Top non-repeatable levels by time:
     D:6: 1616 daAuts
     D:8: 1544 daAuts
     D:5: 1305 daAuts
     D:4: 979 daAuts
     D:1: 884 daAuts
     D:9: 875 daAuts
     D:3: 874 daAuts
     D:7: 784 daAuts
     D:2: 712 daAuts
